 Dungeon Crawl Stone Soup version 0.25-a0-731-g0472a16d6a (webtiles) character file.

Game seed: 17109878395080697044, levelgen mode: deterministic

3569 Amnesiac the Eclecticist (level 9, -2/45 HPs)
             Began as a Deep Elf Wizard on Apr 8, 2020.
             Was a Believer of Vehumet.
             Killed by miscasting Mephitic Cloud (9 damage)
             ... on level 8 of the Dungeon.
             The game lasted 00:23:38 (8720 turns).

Amnesiac the Eclecticist (Deep Elf Wizard)          Turns: 8720, Time: 00:23:38

Health: -2/45      AC: 18    Str:  4    XL:     9   Next: 84%
Magic:  26/32      EV: 11    Int: 27    God:    Vehumet [**....]
Gold:   331        SH:  5    Dex: 13    Spells: 25/42 levels left

rFire    + . .     SeeInvis .   a - +1 flail (venom)
rCold    + . .     Gourm    .   (no shield)
rNeg     . . .     Faith    .   x - +8 ring mail of Lugonu's Delight {rF+ rC+}
rPois    +         Spirit   .   G - +0 helmet
rElec    .         Reflect  +   (no cloak)
rCorr    .         Harm     .   y - +2 pair of gloves
MR       .....                  l - +0 pair of boots
Stlth    +.........             g - +5 amulet of reflection
HPRegen  0.15/turn              i - ring of poison resistance
MPRegen  0.23/turn              n - +3 ring of evasion

@: very slightly contaminated, heavily drained
A: no striking features
a: Renounce Religion


You were on level 8 of the Dungeon.
You worshipped Vehumet.
Vehumet was pleased with you.
You were very hungry.

You visited 2 branches of the dungeon, and saw 9 of its levels.

You collected 457 gold pieces.
You spent 126 gold pieces at shops.

Inventory:

Hand Weapons
 a - a +1 flail of venom (weapon)
Armour
 f - a +2 hat
 l - a +0 pair of boots (worn)
 x - the +8 ring mail of Lugonu's Delight (worn) {rF+ rC+}
   (You found it on level 6 of the Dungeon)

   It protects you from fire.
   It protects you from cold.
 y - a +2 pair of gloves (worn)
 G - a +0 helmet (worn)
Jewellery
 g - a +5 amulet of reflection (around neck)
 i - a ring of poison resistance (left hand)
 n - a +3 ring of evasion (right hand)
 A - an uncursed ring of protection from magic
 B - an uncursed ring of ice
Wands
 h - a wand of digging (5)
 t - a wand of iceblast (8)
 u - a wand of paralysis (12)
Scrolls
 k - 3 scrolls of remove curse {!r}
 q - 2 scrolls of noise {!r, unknown}
 r - 2 scrolls of fog {!r}
 v - 2 scrolls of enchant weapon {!r}
 w - 3 scrolls of magic mapping {!r}
 C - 3 scrolls of blinking {!r, unknown}
 D - 7 scrolls of identify {!r}
Potions
 b - a potion of magic {!q}
 c - a potion of brilliance {!q}
 e - a potion of curing {!q}
 o - a potion of might {!q}
 s - a potion of cancellation {!q, unknown}
 z - a potion of haste {!q}
 E - a potion of stabbing {!q, unknown}
 F - a potion of mutation {!q, unknown}
Comestibles
 d - 16 rations


   Skills:
 - Level 2.4(0.5) Dodging
 - Level 2.4(0.5) Stealth
 + Level 17.4(14.7) Spellcasting
 - Level 1.1(0.0) Conjurations
 - Level 1.1(0.0) Summonings
 - Level 1.1(0.0) Translocations


You had 25 spell levels left.
You knew the following spells:

 Your Spells              Type           Power        Failure   Level  Hunger
a - Magic Dart            Conj           ###.         16%         1    None
b - Call Imp              Summ           ###.....     24%         2    None
c - Ignite Poison         Fire/Tmut/Pois ###.....     43%         3    None
d - Vampiric Draining     Necr           ###.......   43%         3    None
e - Mephitic Cloud        Conj/Pois/Air  ###.....     43%         3    None
s - Conjure Flame         Conj/Fire      ###.....     43%         3    None
v - Blink                 Tloc           N/A          24%         2    None

Your spell library contained the following spells:

 Spells                   Type           Power        Failure   Level  Hunger
 Animate Skeleton         Necr           N/A          16%         1    None
 Pain                     Necr           ###.         16%         1    None
 Slow                     Hex            ###.....     24%         2    None
 Animate Dead             Necr           N/A          85%         4    None
 Agony                    Necr           ###.....     99%         5    #......


Dungeon Overview and Level Annotations

Branches:
Dungeon (8/15)             Temple (1/1) D:6
   Lair: D:8-11

Altars:
Ashenzari
Cheibriados
Dithmenos
Elyvilon
Fedhas
Gozag
Hepliaklqana
Kikubaaqudgha
Makhleb
Nemelex Xobeh
Okawaru
Ru
Sif Muna
Trog
Vehumet
Wu Jian
Xom
Yredelemnul
Zin
The Shining One

Shops:
D:7 [:=![


Message History

Confirm with . or Enter, or press ? or * to list all spells.
You ignite the poison in your surroundings!
You closely miss the wight.
The wight is engulfed in blazing flames.
The wight hits you with a cursed +3 dagger.
You feel drained.
The wight is engulfed in blazing flames.
You destroy the wight!
Vehumet accepts your kill.
You start resting.
HP restored.
d - 16 rations (gained 1)
The orc shouts!
You hear a shout! x2
The orc wizard shouts!
Things that are here:
a cursed +3 dagger; a cursed +0 robe; a +6 ring of protection The orc wizard gestures wildly while chanting.
The orc wizard seems to speed up.
An orc priest comes into view. It is wielding a +0 hand axe.
The orc closely misses you.
You hit the orc.
The orc is poisoned.
The orc is lightly wounded.
The orc wizard mumbles some strange words.
The orc wizard blinks!
The orc hits you but does no damage.
You sock the orc!
You kill the orc!
Vehumet accepts your kill.
You feel your power returning.
An orc comes into view. It is wielding a +0 club.
You block the orc wizard's attack.
Your ring mail of Lugonu's Delight prevents you from hitting the orc wizard.
The orc wizard hits you but does no damage.
The orc priest calls down the wrath of Beogh upon you.
Beogh smites you!
The orc wizard hits you but does no damage.
You are feeling very hungry.
You miss the orc wizard.
The orc wizard hits you but does no damage. x2
You hit the orc wizard but do no damage.
The orc wizard hits you but does no damage.
An orc wizard comes into view. It is wielding a +0 dagger.
The orc wizard hits you but does no damage.
The orc priest calls down the wrath of Beogh upon you.
Beogh smites you!
* * * LOW HITPOINT WARNING * * *
The orc wizard hits you but does no damage.
The orc wizard shouts!
You thump the orc wizard!
The orc wizard is heavily wounded.
The orc priest calls down the wrath of Beogh upon you.
Beogh smites you!
* * * LOW HITPOINT WARNING * * *
The orc wizard hits you but does no damage.
The orc barely misses you.
The orc wizard mumbles some strange words.
The orc wizard blinks!
Casting: Ignite Poison (slightly dangerous; 43% risk of failure)
Confirm with . or Enter, or press ? or * to list all spells.
Aiming: Mephitic Cloud (slightly dangerous; 43% risk of failure)
Press: ? - help, Shift-Dir - straight line, f - orc priest
Aim: an orc priest, wielding a +0 hand axe You miscast Mephitic Cloud.
A wave of violent energy washes through your body!
You die...

....#(#..#_#.............
...#.....#'#........>.#..
......#....o.#........#
......##..............##
....###..#.#......#[....
..[.##..<#......(##..o....
.##....#######....#........
.##....#.'.'.###oo...##....#
###....###.#####@...........
# #....#.))'.#..............
###....###.###..).....<.....
.##....#_'.'.#..............
.##....###.###..............
.....###.'.'.#...........#
.#..##.###.###...........#
.##....#.'.'.#......###.##
.......###.###......##o..#


You could see an orc priest, 2 orc wizards and an orc.

Vanquished Creatures
  3 hogs (D:7)
  A yak (D:7)
  Eustachio (D:6)
  A human (D:7)
  2 sky beasts
  2 orc warriors
  An ice beast (D:8)
  A black bear (D:6)
  A phantom (D:5)
  An ogre (D:6)
  2 centaurs
  A big kobold (D:3)
  4 bullfrogs
  A scorpion (D:6)
  A troll zombie (D:8)
  8 wights (D:8)
  3 killer bees
  2 crimson imps
  A bullfrog zombie (D:8)
  An orc priest (D:5)
  3 hounds
  A jelly (D:6)
  2 centaur skeletons (D:4)
  An orc wizard (D:5)
  A human skeleton (D:8)
  5 worker ants
  3 iguanas
  2 mummies (D:8)
  6 adders
  A shadow imp (D:7)
  2 oozes
  An adder skeleton (D:4)
  3 worms
  2 dart slugs (D:1)
  3 leopard geckos
  19 orcs
  5 bats
  2 giant cockroaches
  8 goblins
  14 hobgoblins
  16 jackals
  10 kobolds
  3 quokkas
  A ball python (D:5)
  3 frilled lizards
  A giant cockroach zombie (D:3)
  A jackal skeleton (D:5)
  A jackal zombie (D:6)
  10 rats
168 creatures vanquished.

Vanquished Creatures (collateral kills)
  A hungry ghost (D:7)
  An ice beast (D:7)
  An ogre (D:4)
  A necrophage (D:8)
  3 wights
  2 crimson imps
  A centaur zombie (D:8)
  A human zombie (D:8)
  An orc priest (D:5)
  Ijyb (D:4)
  An iguana (D:5)
  A hound skeleton (D:8)
  2 adders
  A shadow imp (D:4)
  A worm (D:5)
  A leopard gecko (D:2)
  5 orcs
  A goblin (D:3)
26 creatures vanquished.

Grand Total: 194 creatures vanquished

Notes
Turn   | Place    | Note
-------+----------+-------------------------------------------
     0 | D:1      | Amnesiac the Deep Elf Wizard began the quest for the Orb.
     0 | D:1      | Reached XP level 1. HP: 10/10 MP: 7/7
    58 | D:1      | Reached skill level 5 in Spellcasting
   100 | D:1      | Reached XP level 2. HP: 2/15 MP: 0/10
   308 | D:1      | Learned a level 2 spell: Blink
   311 | D:1      | Learned a level 2 spell: Call Imp
   740 | D:1      | Reached XP level 3. HP: 19/19 MP: 6/12
   747 | D:1      | Learned a level 3 spell: Conjure Flame
   751 | D:1      | Learned a level 3 spell: Mephitic Cloud
   785 | D:2      | Reached skill level 6 in Spellcasting
   932 | D:3      | Found a bloodstained altar of Trog.
   949 | D:3      | Found an iron altar of Okawaru.
   950 | D:3      | Found a basalt altar of Yredelemnul.
   976 | D:5      | Entered Level 5 of the Dungeon
  1039 | D:4      | Reached XP level 4. HP: 20/24 MP: 7/14
  1053 | D:4      | Reached skill level 7 in Spellcasting
  1271 | D:4      | Reached XP level 5. HP: 28/28 MP: 13/17
  1280 | D:4      | Reached skill level 8 in Spellcasting
  1346 | D:4      | Reached skill level 9 in Spellcasting
  1443 | D:4      | Reached XP level 6. HP: 15/32 MP: 14/20
  1869 | D:4      | Found a snail-covered altar of Cheibriados.
  2063 | D:4      | Noticed Ijyb
  2078 | D:4      | Killed Ijyb
  2554 | D:5      | Reached skill level 10 in Spellcasting
  2561 | D:5      | HP: 1/32 [iguana (12)]
  2609 | D:5      | HP: 1/32 [crimson imp (3)]
  2921 | D:5      | Found a shattered altar of Ashenzari.
  3287 | D:5      | Reached XP level 7. HP: 36/36 MP: 10/23
  3620 | D:6      | Got a twisted ring mail
  3631 | D:6      | Identified the +8 ring mail of Lugonu's Delight {rF+ rC+}
                  | (You found it on level 6 of the Dungeon)
  3701 | D:6      | Reached skill level 11 in Spellcasting
  3812 | D:6      | Reached skill level 12 in Spellcasting
  4176 | D:6      | Noticed Eustachio
  4232 | D:6      | Reached XP level 8. HP: 28/41 MP: 3/26
  4254 | D:6      | Killed Eustachio
  4338 | D:6      | Reached skill level 13 in Spellcasting
  4401 | D:7      | Found Weuzufio's Distillery.
  4873 | D:6      | Learned a level 3 spell: Vampiric Draining
  4977 | D:6      | Found a staircase to the Ecumenical Temple.
  5003 | D:12     | Identified a paperback manual
  5003 | Temple   | Entered the Ecumenical Temple
  5226 | Temple   | Became a worshipper of Vehumet
  5898 | D:2      | Found a shimmering altar of Xom.
  6023 | D:3      | Reached * piety under Vehumet
  6023 | D:3      | Offered knowledge of Foxfire by Vehumet.
  6534 | D:3      | Reached skill level 14 in Spellcasting
  6803 | D:7      | Found Lonadgha's Book Boutique.
  6914 | D:7      | Reached skill level 15 in Spellcasting
  6914 | D:7      | Reached XP level 9. HP: 25/45 MP: 25/30
  7026 | D:7      | Found Myjegh's Antique Armour Shop.
  7033 | D:7      | Bought a helmet for 126 gold pieces
  7054 | D:7      | Reached ** piety under Vehumet
  7059 | D:7      | Found Satuept's Jewellery Boutique.
  7081 | D:7      | Offered knowledge of Searing Ray by Vehumet.
  7107 | D:7      | Found Awic's Armour Boutique.
  7399 | D:8      | Found a sparkling altar of Nemelex Xobeh.
  7574 | D:8      | Reached skill level 16 in Spellcasting
  7719 | D:8      | Offered knowledge of Ignite Poison by Vehumet.
  7873 | D:8      | Found an ancient bone altar of Kikubaaqudgha.
  8120 | D:8      | Reached skill level 17 in Spellcasting
  8424 | D:7      | Learned a level 3 spell: Ignite Poison
  8578 | D:8      | Found a shadowy altar of Dithmenos.
  8720 | D:8      | Killed by miscasting Mephitic Cloud

Levels and vault maps discovered:
D:1:      matt_arrival_grand_opening, layout_basic, hangedman_decor_growths
D:2:      layout_rooms, xom_teletrap_fun, first_ration
D:3:      cheibrodos_thug_alley, layout_basic,
          gammafunk_temple_overflow_forgotten
D:4:      layout_cave_pods, cheibriados_altar_1, uniq_ijyb
D:5:      layout_basic, evilmike_ruin_ashenzari
D:6:      layout_loops_ring, minmay_temple_entry_crystal_x, minmay_small_thing,
          uniq_eustachio
D:7:      layout_loops_ring, serial_shops, shop_statue, shop,
          nicolae_shop_competitors_out_of_business, shop_fountains, shop,
          grunt_livestock
D:8:      layout_cave_pools, old_standard_altar,
          lemuel_mausoleum_altar_kikubaaqudgha, kennysheep_mini_moat,
          chequers_temple_overflow_statue_of_worship
Temple:   minmay_temple_curvy_loop

Skill      XL: |  1  2  3  4  5  6  7  8  9 |
---------------+----------------------------+-----
Spellcasting   | 5 6 7 9 10 12 15 17 | 17.4
Dodging        | |  2.4
Stealth        | |  2.4
Conjurations   | |  1.1
Summonings     | |  1.1
Translocations | |  1.1

Action                   |  1- 3 |  4- 6 |  7- 9 || total
-------------------------+-------+-------+-------++-------
Melee: Short sword       |    10 |       |       ||    10
       Flail             |    15 |    60 |   466 ||   541
 Cast: Magic Dart        |    59 |    35 |    98 ||   192
       Call Imp          |     2 |    14 |    28 ||    44
       Mephitic Cloud    |     1 |    10 |    20 ||    31
       Conjure Flame     |     1 |     2 |    14 ||    17
       Vampiric Draining |       |       |     3 ||     3
       Blink             |       |       |     1 ||     1
       Ignite Poison     |       |       |     1 ||     1
Evoke: Wand              |       |       |     1 ||     1
  Use: Scroll            |       |     5 |     7 ||    12
       Potion            |       |       |     8 ||     8
 Stab: Confused          |       |     3 |     5 ||     8
       Sleeping          |       |       |     4 ||     4
       Distracted        |       |       |     3 ||     3
       Invisible         |       |       |     2 ||     2
  Eat: Chunk             |       |     6 |    17 ||    23
       Ration            |       |       |     1 ||     1
Armor: Robe              |     9 |    11 |     8 ||    28
       Ring mail         |       |       |   289 ||   289
Dodge: Dodged            |    45 |    54 |   443 ||   542
Block: Other             |     9 |    15 |   162 ||   186
       Reflection        |     1 |       |       ||     1

Table legend:
 A = Non-vault XP
 B = Vault XP
 C = Vault XP percentage of total XP
 D = Non-vault monster count
 E = Vault monster count
 F = Vault count percentage of total count
                 A         B        C        D         E       F
            +---------+---------+-------+---------+---------+-------
      Total |    3513 |    1586 |  31.1 |     165 |      29 |  14.9
            +---------+---------+-------+---------+---------+-------
        D:1 |      45 |       0 |   0.0 |      24 |       0 |   0.0
        D:2 |      57 |       0 |   0.0 |      19 |       0 |   0.0
        D:3 |      68 |     105 |  60.7 |      22 |      10 |  31.2
        D:4 |     438 |      32 |   6.8 |      20 |       1 |   4.8
        D:5 |     397 |       0 |   0.0 |      21 |       0 |   0.0
        D:6 |     902 |     135 |  13.0 |      22 |       1 |   4.3
        D:7 |     678 |     755 |  52.7 |      13 |       5 |  27.8
        D:8 |     928 |     559 |  37.6 |      24 |      12 |  33.3
            +---------+---------+-------+---------+---------+-------
